Canadiens vs Blackhawks
(R1)
Created - 21 mars 2014 at 19:03
Goals
|
| Canadiens |
2 |
0 |
0 |
2 |
| Blackhawks |
3 |
1 |
3 |
7 |
|
Shots
|
| Canadiens |
13 |
5 |
11 |
29 |
| Blackhawks |
15 |
9 |
11 |
35 |
|
1st period
1. Blackhawks , Steve McCarthy 1 (Loui Eriksson, Colby Armstrong) at 1:34
2. Blackhawks , Scott Gomez 34 (Kris Versteeg) at 1:44
3. Canadiens , Ryan Callahan 8 (Chris Dingman, Nicklas Lidstrom) at 4:15
4. Blackhawks , Kris Versteeg 50 (Joe Sakic, Brent Burns) at 4:57 (PP)
5. Canadiens , Mike York 24 (Jamie Lundmark, Dennis Wideman) at 19:02
Penalties :
Marek Svatos (Mon) for Goalie Interference (Minor) at 4:40, Mike York (Mon) for Hooking (Minor) at 16:52
2nd period
6. Blackhawks , Rene Bourque 24 (Joe Sakic, Kris Versteeg) at 6:58 (PP)
Penalties :
Ruslan Fedotenko (Mon) for Holding Stick (Minor) at 6:11, Ruslan Fedotenko (Mon) for Interference (Minor) at 7:17, Daniel Carcillo (Chi) for Slashing (Minor) at 9:48, Ruslan Fedotenko (Mon) for Holding (Minor) at 12:17
3rd period
7. Blackhawks , Kris Versteeg 51 (Scott Gomez, Stephane Robidas) at 1:57
8. Blackhawks , Colby Armstrong 17 (Joe Sakic, Scott Gomez) at 16:37
9. Blackhawks , Rene Bourque 25 (Joe Sakic) at 18:06 (PP)
Penalties :
Rene Bourque (Chi) for Hooking (Minor) at 3:35, Robert Dome (Mon) for Holding (Minor) at 8:50, Colby Armstrong (Chi) for Fighting (Major) at 17:59, Radim Vrbata (Mon) for Fighting (Major) at 17:59, Kris Versteeg (Chi) for Fighting (Major) at 18:04, Mike Ribeiro (Mon) for Fighting (Major) at 18:04, Mike Ribeiro (Mon) for instigated a fight (Minor) at 18:04, Mike Ribeiro (Mon) for instigated a fight (10 Minutes Misconduct) at 18:04, Steve McCarthy (Chi) for Fighting (Major) at 18:42, Mike York (Mon) for Fighting (Major) at 18:42, Stephane Robidas (Chi) for Hooking (Minor) at 18:45
Goalie Stats
Mikael Tellqvist (Mon), 13 saves from 16 shots - (0,813), 33:02 minutes
Rick DiPietro (Mon), 15 saves from 19 shots - (0,789), L, 21-24-3, 26:58 minutes
Roberto Luongo (Chi), 27 saves from 29 shots - (0,931), W, 29-22-7, 60:00 minutes
Players Stats for Canadiens
Player Name G A P +/- PIM S H SB GA TA FO MP PP MP PK MP
------------------------------------------------------------------------------------
Chris Dingman 0 1 1 1 0 2 2 0 0 0 0/0 11:20 0:09 2:27
Dennis Wideman 0 1 1 0 0 2 1 0 0 0 0/0 21:09 2:36 3:45
Greg Zanon 0 0 0 2 0 0 5 1 0 0 0/0 24:34 2:18 3:45
Jamie Lundmark 0 1 1 2 0 1 1 0 0 0 1/3 11:42 0:08 2:35
Jeff Woywitka 0 0 0 -1 0 0 4 0 0 2 0/0 24:32 2:36 5:17
Marek Svatos 0 0 0 -2 2 1 2 1 0 0 0/0 15:38 2:52 0:00
Matt Carle 0 0 0 -3 0 2 1 1 0 0 0/0 10:54 0:18 0:00
Michel Ouellet 0 0 0 1 0 1 1 0 0 0 0/0 11:58 0:38 1:52
Mike Ribeiro 0 0 0 0 17 1 0 1 0 0 6/10 14:54 2:02 2:49
Mike York 1 0 1 -1 7 4 0 0 0 0 3/4 17:52 1:38 0:39
Nicklas Lidstrom 0 1 1 1 0 1 1 1 0 0 0/0 22:57 2:36 0:00
Ossi Vaananen 0 0 0 -3 0 0 2 1 0 3 0/0 15:54 0:00 5:17
Radim Vrbata 0 0 0 -2 5 1 0 0 1 1 0/0 15:31 1:38 0:00
Robert Dome 0 0 0 0 2 3 2 0 0 0 0/0 12:11 2:32 0:00
Ruslan Fedotenko 0 0 0 -2 6 2 0 2 0 0 0/0 15:34 0:00 2:27
Ryan Callahan 1 0 1 1 0 1 0 0 0 0 0/0 9:04 0:46 0:00
Tomas Plekanec 0 0 0 -2 0 3 1 0 0 0 8/14 13:01 0:51 0:00
Viktor Kozlov 0 0 0 -2 0 4 3 0 0 0 12/35 22:04 2:22 5:15
Players Stats for Blackhawks
Player Name G A P +/- PIM S H SB GA TA FO MP PP MP PK MP
------------------------------------------------------------------------------------
Brent Burns 0 1 1 -1 0 2 0 2 0 0 0/0 22:04 5:38 2:10
Chris Campoli 0 0 0 1 0 0 1 1 0 1 0/0 13:01 0:44 1:00
Christian Ehrhoff 0 0 0 -2 0 0 2 1 0 0 0/0 20:40 3:24 2:29
Colby Armstrong 1 1 2 2 5 3 1 0 1 0 1/1 14:10 0:15 2:12
Daniel Carcillo 0 0 0 -1 2 0 0 0 1 0 0/0 9:30 0:00 0:49
Dominic Moore 0 0 0 0 0 0 2 0 0 0 2/6 12:15 0:00 2:53
George Parros 0 0 0 -1 0 1 1 0 0 0 0/0 8:37 0:00 0:00
Hnat Domenichelli 0 0 0 0 0 0 0 0 0 0 1/1 9:56 0:00 0:29
Joe Sakic 0 4 4 1 0 2 4 0 1 0 9/15 17:09 5:25 0:00
Jordan Staal 0 0 0 -1 0 0 0 0 0 0 1/3 10:31 0:09 1:30
Kris Versteeg 2 2 4 1 5 7 3 0 0 0 5/7 21:59 5:34 1:07
Loui Eriksson 0 1 1 2 0 3 0 0 1 0 0/1 16:20 3:22 1:24
Rene Bourque 2 0 2 1 2 7 3 0 0 0 0/0 21:49 5:37 0:00
Richard Matvichuk 0 0 0 1 0 0 1 0 0 0 0/0 13:47 0:00 2:43
Scott Gomez 1 2 3 2 0 3 0 0 0 0 17/32 19:05 3:22 0:00
Stephane Robidas 0 1 1 3 2 4 0 1 2 0 0/0 24:51 4:54 0:00
Steve Bernier 0 0 0 0 0 1 0 0 0 0 0/0 13:23 3:22 0:00
Steve McCarthy 1 0 1 2 5 2 3 1 0 0 0/0 25:35 3:24 2:02
3 Stars
1 - Joe Sakic (Chi)
2 - Kris Versteeg (Chi)
3 - Scott Gomez (Chi)
Power Play
Canadiens - 0 on 3 Attempt(s) - 0,00%
Blackhawks - 3 on 7 Attempt(s) - 42,86%
Penalty Kill
Canadiens - 4 on 7 Attempt(s) - 57,14%
- Score 0 goal in Penalty Kill
Blackhawks - 3 on 3 Attempt(s) - 100,00%
- Score 0 goal in Penalty Kill
Official
Referees : Meier Brad and McCauley Wes
Linesman : Shane Heyer and Ryan Galloway
Game Notes
Mikael Tellqvist enters game at 6:58 of 2nd period
Colby Armstrong and Radim Vrbata fight to a draw at 17:59 of 3rd period
Kris Versteeg and Mike Ribeiro fight to a draw at 18:04 of 3rd period
Steve McCarthy beats up Mike York at 18:42 of 3rd period
Finance
Level 1 -- Attendance: 5007 (83,45%) -- Ticket Income 440 616 $
Level 2 -- Attendance: 3797 (75,94%) -- Ticket Income 201 241 $
Level 3 -- Attendance: 1289 (64,45%) -- Ticket Income 43 826 $
Level 4 -- Attendance: 2756 (68,90%) -- Ticket Income 60 632 $
Luxury Box -- Attendance: 906 (90,60%) -- Ticket Income 149 490 $
Game was played at the Chicago Stadium
Total Attendance: 13755 (76,42%)
Total Ticket Income: 895 805 $
Other Income: 134 371 $
Total Income: 1 030 176 $
Canadiens
5 vs 5 Forward
Center Left Wing Right Wing Time % Phy DF OF
1 Viktor Kozlov Mike York Radim Vrbata 40 1 2 2
2 Tomas Plekanec Ruslan Fedotenko Marek Svatos 30 1 2 2
3 Mike Ribeiro Robert Dome Michel Ouellet 20 1 2 2
4 Jamie Lundmark Chris Dingman Ryan Callahan 10 1 2 2
5 vs 5 Defense
Defense Defense Time % Phy DF OF
1 Nicklas Lidstrom Greg Zanon 40 1 2 2
2 Dennis Wideman Jeff Woywitka 30 1 2 2
3 Matt Carle Ossi Vaananen 20 1 2 2
4 Nicklas Lidstrom Jeff Woywitka 10 1 2 2
PowerPlay Forward
Center Left Wing Right Wing Time % Phy DF OF
1 Mike Ribeiro Robert Dome Marek Svatos 60 1 2 2
2 Viktor Kozlov Mike York Radim Vrbata 40 1 2 2
PowerPlay Defense
Defense Defense Time % Phy DF OF
1 Nicklas Lidstrom Greg Zanon 60 1 2 2
2 Dennis Wideman Jeff Woywitka 40 1 2 2
Penalty Kill 4 Players Forward
Center Wing Time % Phy DF OF
1 Viktor Kozlov Ruslan Fedotenko 60 1 2 2
2 Jamie Lundmark Michel Ouellet 40 1 2 2
Penalty Kill 4 Players Defense
Defense Defense Time % Phy DF OF
1 Jeff Woywitka Ossi Vaananen 60 1 2 2
2 Greg Zanon Dennis Wideman 40 1 2 2
Penalty Kill - 3 Players Forward
Forward Time % Phy DF OF
1 Jamie Lundmark 60 1 2 2
2 Viktor Kozlov 40 1 2 2
Penalty Kill - 3 Players Defense
Defense Defense Time % Phy DF OF
1 Jeff Woywitka Ossi Vaananen 60 1 2 2
2 Greg Zanon Dennis Wideman 40 1 2 2
4 vs 4 Forward
Center Wing Time % Phy DF OF
1 Tomas Plekanec Marek Svatos 60 1 2 2
2 Viktor Kozlov Mike York 40 1 2 2
4 vs 4 Defense
Defense Defense Time % Phy DF OF
1 Nicklas Lidstrom Greg Zanon 60 1 2 2
2 Dennis Wideman Jeff Woywitka 40 1 2 2
Last Minutes Offensive
Center Left Wing Right Wing Defense Defense
Tomas Plekanec Chris Dingman Marek Svatos Nicklas Lidstrom Greg Zanon
Last Minutes Defensive
Center Left Wing Right Wing Defense Defense
Viktor Kozlov Chris Dingman Marek Svatos Ossi Vaananen Jeff Woywitka
Goaltenders
Starting : Rick DiPietro
Backup : Mikael Tellqvist
Extra Forwards
Normal : Radim Vrbata, Mike Ribeiro, Mike York - PP : Tomas Plekanec, Ryan Callahan - PK : Mike Ribeiro
Extra Defensemen
Normal : Matt Carle, Ossi Vaananen, Nicklas Lidstrom - PP : Matt Carle - PK : Nicklas Lidstrom, Matt Carle
Penalty Shots
Ruslan Fedotenko, Radim Vrbata, Mike Ribeiro, Marek Svatos, Viktor Kozlov
Blackhawks
5 vs 5 Forward
Center Left Wing Right Wing Time % Phy DF OF
1 Scott Gomez Kris Versteeg Rene Bourque 40 1 2 2
2 Joe Sakic Loui Eriksson Colby Armstrong 30 1 2 2
3 Dominic Moore Hnat Domenichelli Steve Bernier 20 1 2 2
4 Jordan Staal Daniel Carcillo George Parros 10 1 2 2
5 vs 5 Defense
Defense Defense Time % Phy DF OF
1 Stephane Robidas Steve McCarthy 40 1 2 2
2 Brent Burns Christian Ehrhoff 30 1 2 2
3 Richard Matvichuk Chris Campoli 20 1 2 2
4 Stephane Robidas Steve McCarthy 10 1 2 2
PowerPlay Forward
Center Left Wing Right Wing Time % Phy DF OF
1 Joe Sakic Kris Versteeg Rene Bourque 60 1 2 2
2 Scott Gomez Loui Eriksson Steve Bernier 40 1 2 2
PowerPlay Defense
Defense Defense Time % Phy DF OF
1 Brent Burns Stephane Robidas 60 1 2 2
2 Christian Ehrhoff Steve McCarthy 40 1 2 2
Penalty Kill 4 Players Forward
Center Wing Time % Phy DF OF
1 Dominic Moore Colby Armstrong 60 1 2 2
2 Jordan Staal Kris Versteeg 40 1 2 2
Penalty Kill 4 Players Defense
Defense Defense Time % Phy DF OF
1 Richard Matvichuk Steve McCarthy 60 1 2 2
2 Christian Ehrhoff Brent Burns 40 1 2 2
Penalty Kill - 3 Players Forward
Forward Time % Phy DF OF
1 Dominic Moore 60 1 2 2
2 Jordan Staal 40 1 2 2
Penalty Kill - 3 Players Defense
Defense Defense Time % Phy DF OF
1 Brent Burns Stephane Robidas 60 1 2 2
2 Chris Campoli Christian Ehrhoff 40 1 2 2
4 vs 4 Forward
Center Wing Time % Phy DF OF
1 Joe Sakic Kris Versteeg 60 1 2 2
2 Scott Gomez Loui Eriksson 40 1 2 2
4 vs 4 Defense
Defense Defense Time % Phy DF OF
1 Brent Burns Stephane Robidas 60 1 2 2
2 Chris Campoli Steve McCarthy 40 1 2 2
Last Minutes Offensive
Center Left Wing Right Wing Defense Defense
Joe Sakic Kris Versteeg Rene Bourque Brent Burns Stephane Robidas
Last Minutes Defensive
Center Left Wing Right Wing Defense Defense
Joe Sakic Kris Versteeg Colby Armstrong Steve McCarthy Brent Burns
Goaltenders
Starting : Roberto Luongo
Backup : Jocelyn Thibault
Extra Forwards
Normal : Steve Bernier, George Parros, Loui Eriksson - PP : Colby Armstrong, Jordan Staal - PK : Loui Eriksson
Extra Defensemen
Normal : Christian Ehrhoff, Steve McCarthy, Chris Campoli - PP : Brent Burns - PK : Steve McCarthy, Chris Campoli
Penalty Shots
Joe Sakic, Kris Versteeg, Loui Eriksson, Scott Gomez, Rene Bourque
% Time on Ice - Canadiens
Lines # - Real PCT - Wanted PCT - Time Play
Normal Forward
1 - 34% - 40% - 15:46
2 - 27% - 30% - 12:29
3 - 20% - 20% - 9:15
4 - 18% - 10% - 8:16
Normal Defense
1 - 41% - 40% - 18:56
2 - 31% - 30% - 14:16
3 - 23% - 20% - 10:36
4 - 4% - 10% - 1:58
PP Forward
1 - 54% - 60% - 2:50
2 - 46% - 40% - 2:22
PP Defense
1 - 50% - 60% - 2:36
2 - 50% - 40% - 2:36
PK Forward
1 - 79% - 60% - 7:10
2 - 21% - 40% - 1:52
PK Defense
1 - 58% - 60% - 5:17
2 - 42% - 40% - 3:45
PK3 Forward
1 - 0% - 60%
2 - 0% - 40%
PK3 Defense
1 - 0% - 60%
2 - 0% - 40%
44 Forward
1 - 0% - 60%
2 - 0% - 40%
44 Defense
1 - 0% - 60%
2 - 0% - 40%
Last Minute Offensive - 0:00
Last Minute Defensive - 0:00
Total
Forward - 60:00
Defense - 60:00
|
% Time on Ice - Blackhawks
Lines # - Real PCT - Wanted PCT - Time Play
Normal Forward
1 - 36% - 40% - 16:18
2 - 25% - 30% - 11:29
3 - 20% - 20% - 9:22
4 - 19% - 10% - 8:37
Normal Defense
1 - 41% - 40% - 18:54
2 - 32% - 30% - 14:31
3 - 24% - 20% - 11:04
4 - 3% - 10% - 1:17
PP Forward
1 - 63% - 60% - 5:40
2 - 37% - 40% - 3:22
PP Defense
1 - 62% - 60% - 5:38
2 - 38% - 40% - 3:24
PK Forward
1 - 79% - 60% - 4:05
2 - 21% - 40% - 1:07
PK Defense
1 - 58% - 60% - 3:02
2 - 42% - 40% - 2:10
PK3 Forward
1 - 0% - 60%
2 - 0% - 40%
PK3 Defense
1 - 0% - 60%
2 - 0% - 40%
44 Forward
1 - 0% - 60%
2 - 0% - 40%
44 Defense
1 - 0% - 60%
2 - 0% - 40%
Last Minute Offensive - 0:00
Last Minute Defensive - 0:00
Total
Forward - 60:00
Defense - 60:00
|
Play by Play
1st period
0:01 of 1st period - Viktor Kozlov wins face-off versus Scott Gomez in neutral zone.
0:12 of 1st period - Slapshot by Viktor Kozlov.
0:12 of 1st period - Stopped by Roberto Luongo with a rebound.
0:26 of 1st period - Nicklas Lidstrom is hit by Joe Sakic and loses puck.
0:31 of 1st period - Slapshot by Joe Sakic.
0:31 of 1st period - Shot Blocked by Greg Zanon.
0:39 of 1st period - Snap shot by Joe Sakic.
0:39 of 1st period - Shot Blocked by Marek Svatos.
0:57 of 1st period - Slapshot by Nicklas Lidstrom.
0:57 of 1st period - Stopped by Roberto Luongo without a rebound.
0:58 of 1st period - Jamie Lundmark wins face-off versus Jordan Staal in Blackhawks zone.
0:59 of 1st period - Snap shot by Chris Dingman.
0:59 of 1st period - Shot Misses the Net.
1:01 of 1st period - Slapshot by Jeff Woywitka.
1:01 of 1st period - Shot Misses the Net.
1:03 of 1st period - Snap shot by Dennis Wideman.
1:03 of 1st period - Stopped by Roberto Luongo with a rebound.
1:07 of 1st period - Snap shot by Chris Dingman.
1:07 of 1st period - Stopped by Roberto Luongo with a rebound.
1:25 of 1st period - Radim Vrbata is hit by Colby Armstrong and loses puck.
1:32 of 1st period - Wrist shot by Loui Eriksson.
1:32 of 1st period - Shot Misses the Net.
1:34 of 1st period - Slapshot by Steve McCarthy.
1:34 of 1st period - Goal by Steve McCarthy - Canadiens : 0 - Blackhawks : 1.
1:35 of 1st period - Scott Gomez wins face-off versus Viktor Kozlov in neutral zone.
1:44 of 1st period - Wrist shot by Scott Gomez.
1:44 of 1st period - Goal by Scott Gomez - Canadiens : 0 - Blackhawks : 2.
1:45 of 1st period - Scott Gomez wins face-off versus Tomas Plekanec in neutral zone.
2:34 of 1st period - Snap shot by Viktor Kozlov.
2:34 of 1st period - Shot Misses the Net.
2:40 of 1st period - Snap shot by Loui Eriksson.
2:40 of 1st period - Deflect By Joe Sakic.
2:40 of 1st period - Shot Misses the Net.
2:40 of 1st period - Puck is out of play.
2:41 of 1st period - Viktor Kozlov wins face-off versus Scott Gomez in Canadiens zone.
2:54 of 1st period - Wrist shot by Viktor Kozlov.
2:54 of 1st period - Stopped by Roberto Luongo without a rebound.
2:55 of 1st period - Tomas Plekanec wins face-off versus Joe Sakic in Blackhawks zone.
3:44 of 1st period - Chris Campoli is hit by Greg Zanon.
4:15 of 1st period - Snap shot by Ryan Callahan.
4:15 of 1st period - Goal by Ryan Callahan - Canadiens : 1 - Blackhawks : 2.
4:16 of 1st period - Viktor Kozlov wins face-off versus Scott Gomez in neutral zone.
4:21 of 1st period - Wrist shot by Mike York.
4:21 of 1st period - Shot Misses the Net.
4:40 of 1st period - Minor Penalty to Marek Svatos for Goalie Interference.
4:41 of 1st period - Kris Versteeg wins face-off versus Viktor Kozlov in Canadiens zone.
4:57 of 1st period - Wrist shot by Joe Sakic.
4:57 of 1st period - Deflect By Kris Versteeg.
4:57 of 1st period - Goal by Kris Versteeg - Canadiens : 1 - Blackhawks : 3.
4:58 of 1st period - Tomas Plekanec wins face-off versus Joe Sakic in neutral zone.
5:13 of 1st period - Wrist shot by Ruslan Fedotenko.
5:13 of 1st period - Deflect By Tomas Plekanec.
5:13 of 1st period - Stopped by Roberto Luongo without a rebound.
5:14 of 1st period - Scott Gomez wins face-off versus Viktor Kozlov in Blackhawks zone.
5:21 of 1st period - Wrist shot by Scott Gomez.
5:21 of 1st period - Shot Misses the Net.
5:23 of 1st period - Slapshot by Scott Gomez.
5:23 of 1st period - Deflect By Kris Versteeg.
5:23 of 1st period - Shot Misses the Net.
5:23 of 1st period - Puck is out of play.
5:24 of 1st period - Viktor Kozlov wins face-off versus Scott Gomez in Canadiens zone.
5:33 of 1st period - Slapshot by Kris Versteeg.
5:33 of 1st period - Stopped by Rick DiPietro with a rebound.
6:05 of 1st period - Snap shot by Scott Gomez.
6:05 of 1st period - Shot Misses the Net.
6:08 of 1st period - Icing by Radim Vrbata.
6:09 of 1st period - Joe Sakic wins face-off versus Viktor Kozlov in Canadiens zone.
6:12 of 1st period - Wrist shot by Loui Eriksson.
6:12 of 1st period - Deflect By Colby Armstrong.
6:12 of 1st period - Stopped by Rick DiPietro without a rebound.
6:13 of 1st period - Joe Sakic wins face-off versus Tomas Plekanec in Canadiens zone.
7:02 of 1st period - Off-side.
7:03 of 1st period - Colby Armstrong wins face-off versus Jamie Lundmark in neutral zone.
7:24 of 1st period - Stephane Robidas is hit by Matt Carle and loses puck.
8:26 of 1st period - Snap shot by Colby Armstrong.
8:26 of 1st period - Stopped by Rick DiPietro with a rebound.
8:28 of 1st period - Slapshot by Steve McCarthy.
8:28 of 1st period - Deflect By Jamie Lundmark.
8:28 of 1st period - Stopped by Rick DiPietro with a rebound.
8:30 of 1st period - Snap shot by Joe Sakic.
8:30 of 1st period - Shot Blocked by Ossi Vaananen.
8:32 of 1st period - Snap shot by Loui Eriksson.
8:32 of 1st period - Stopped by Rick DiPietro with a rebound.
8:34 of 1st period - Snap shot by Loui Eriksson.
8:34 of 1st period - Stopped by Rick DiPietro without a rebound.
8:35 of 1st period - Tomas Plekanec wins face-off versus Kris Versteeg in Canadiens zone.
8:42 of 1st period - Snap shot by Rene Bourque.
8:42 of 1st period - Shot Misses the Net.
8:44 of 1st period - Snap shot by Rene Bourque.
8:44 of 1st period - Stopped by Rick DiPietro without a rebound.
8:45 of 1st period - Kris Versteeg wins face-off versus Tomas Plekanec in Canadiens zone.
9:01 of 1st period - Icing by Chris Campoli.
9:02 of 1st period - Viktor Kozlov wins face-off versus Scott Gomez in Blackhawks zone.
9:23 of 1st period - Rene Bourque is hit by Jeff Woywitka and loses puck.
9:36 of 1st period - Backhand shot by Radim Vrbata.
9:36 of 1st period - Stopped by Roberto Luongo without a rebound.
9:37 of 1st period - Mike Ribeiro wins face-off versus Dominic Moore in Blackhawks zone.
9:46 of 1st period - Wrist shot by Robert Dome.
9:46 of 1st period - Stopped by Roberto Luongo without a rebound.
9:47 of 1st period - Mike Ribeiro wins face-off versus Dominic Moore in Blackhawks zone.
10:00 of 1st period - Backhand shot by Mike Ribeiro.
10:00 of 1st period - Shot Misses the Net.
10:42 of 1st period - Snap shot by Mike Ribeiro.
10:42 of 1st period - Stopped by Roberto Luongo without a rebound.
10:43 of 1st period - Viktor Kozlov wins face-off versus Scott Gomez in Blackhawks zone.
11:15 of 1st period - Wrist shot by George Parros.
11:15 of 1st period - Stopped by Rick DiPietro with a rebound.
11:53 of 1st period - Joe Sakic is hit by Ossi Vaananen and loses puck.
12:24 of 1st period - Wrist shot by Loui Eriksson.
12:24 of 1st period - Deflect By Joe Sakic.
12:24 of 1st period - Stopped by Rick DiPietro with a rebound.
12:26 of 1st period - Snap shot by Colby Armstrong.
12:26 of 1st period - Shot Misses the Net.
12:32 of 1st period - Snap shot by Joe Sakic.
12:32 of 1st period - Deflect By Loui Eriksson.
12:32 of 1st period - Shot Blocked by Ruslan Fedotenko.
12:32 of 1st period - Puck is out of play.
12:33 of 1st period - Scott Gomez wins face-off versus Viktor Kozlov in Canadiens zone.
12:46 of 1st period - Snap shot by Scott Gomez.
12:46 of 1st period - Shot Misses the Net.
12:48 of 1st period - Snap shot by Kris Versteeg.
12:48 of 1st period - Stopped by Rick DiPietro without a rebound.
12:49 of 1st period - Mike Ribeiro wins face-off versus Jordan Staal in Canadiens zone.
12:56 of 1st period - Slapshot by Nicklas Lidstrom.
12:56 of 1st period - Shot Misses the Net.
13:24 of 1st period - Slapshot by Kris Versteeg.
13:24 of 1st period - Shot Misses the Net.
13:26 of 1st period - Backhand shot by Christian Ehrhoff.
13:26 of 1st period - Deflect By Rene Bourque.
13:26 of 1st period - Stopped by Rick DiPietro without a rebound.
13:27 of 1st period - Viktor Kozlov wins face-off versus Scott Gomez in Canadiens zone.
13:27 of 1st period - Viktor Kozlov is hit by Rene Bourque.
13:40 of 1st period - Dennis Wideman is hit by Christian Ehrhoff.
13:54 of 1st period - Hnat Domenichelli is hit by Marek Svatos and loses puck.
14:15 of 1st period - Slapshot by Robert Dome.
14:15 of 1st period - Stopped by Roberto Luongo without a rebound.
14:16 of 1st period - Jordan Staal wins face-off versus Mike Ribeiro in Blackhawks zone.
14:16 of 1st period - Jordan Staal is hit by Greg Zanon.
14:30 of 1st period - Nicklas Lidstrom is hit by George Parros and loses puck.
14:53 of 1st period - Slapshot by Stephane Robidas.
14:53 of 1st period - Stopped by Rick DiPietro without a rebound.
14:54 of 1st period - Scott Gomez wins face-off versus Viktor Kozlov in Canadiens zone.
15:23 of 1st period - Slapshot by Tomas Plekanec.
15:23 of 1st period - Shot Blocked by Brent Burns.
16:31 of 1st period - Snap shot by Marek Svatos.
16:31 of 1st period - Shot Misses the Net.
16:33 of 1st period - Slapshot by Matt Carle.
16:33 of 1st period - Stopped by Roberto Luongo without a rebound.
16:34 of 1st period - Scott Gomez wins face-off versus Viktor Kozlov in Blackhawks zone.
16:34 of 1st period - Scott Gomez is hit by Jeff Woywitka.
16:50 of 1st period - Wrist shot by Scott Gomez.
16:50 of 1st period - Shot Misses the Net.
16:52 of 1st period - Minor Penalty to Mike York for Hooking.
16:53 of 1st period - Joe Sakic wins face-off versus Viktor Kozlov in Canadiens zone.
17:51 of 1st period - Chris Dingman is hit by Steve McCarthy and loses puck.
18:41 of 1st period - Greg Zanon is hit by Kris Versteeg and loses puck.
18:52 of 1st period - Penalty to Mike York is over, Mike York is back on ice.
19:02 of 1st period - Wrist shot by Mike York.
19:02 of 1st period - Goal by Mike York - Canadiens : 2 - Blackhawks : 3.
19:03 of 1st period - Viktor Kozlov wins face-off versus Dominic Moore in neutral zone.
19:16 of 1st period - Snap shot by Viktor Kozlov.
19:16 of 1st period - Shot Misses the Net.
Goals for this period are 2 for Canadiens vs 3 for Blackhawks.
Shots for this period are 13 for Canadiens vs 15 for Blackhawks.
2nd period
0:01 of 2nd period - Mike York wins face-off versus Scott Gomez in neutral zone.
0:16 of 2nd period - Snap shot by Viktor Kozlov.
0:16 of 2nd period - Shot Misses the Net.
1:18 of 2nd period - Snap shot by Viktor Kozlov.
1:18 of 2nd period - Stopped by Roberto Luongo with a rebound.
1:30 of 2nd period - Icing by Chris Dingman.
1:31 of 2nd period - Scott Gomez wins face-off versus Jamie Lundmark in Canadiens zone.
1:32 of 2nd period - Slapshot by Rene Bourque.
1:32 of 2nd period - Shot Misses the Net.
1:34 of 2nd period - Snap shot by Rene Bourque.
1:34 of 2nd period - Shot Misses the Net.
1:36 of 2nd period - Snap shot by Scott Gomez.
1:36 of 2nd period - Shot Misses the Net.
1:38 of 2nd period - Snap shot by Scott Gomez.
1:38 of 2nd period - Shot Misses the Net.
2:07 of 2nd period - Wrist shot by Colby Armstrong.
2:07 of 2nd period - Shot Misses the Net.
3:03 of 2nd period - Jeff Woywitka is hit by Kris Versteeg and loses puck.
3:59 of 2nd period - Off-side.
4:00 of 2nd period - Viktor Kozlov wins face-off versus Scott Gomez in neutral zone.
4:54 of 2nd period - Snap shot by Brent Burns.
4:54 of 2nd period - Stopped by Rick DiPietro without a rebound.
4:55 of 2nd period - Tomas Plekanec wins face-off versus Scott Gomez in Canadiens zone.
6:11 of 2nd period - Minor Penalty to Ruslan Fedotenko for Holding Stick.
6:12 of 2nd period - Kris Versteeg wins face-off versus Viktor Kozlov in Canadiens zone.
6:17 of 2nd period - Snap shot by Rene Bourque.
6:17 of 2nd period - Stopped by Rick DiPietro with a rebound.
6:19 of 2nd period - Snap shot by Joe Sakic.
6:19 of 2nd period - Stopped by Rick DiPietro without a rebound.
6:20 of 2nd period - Viktor Kozlov wins face-off versus Joe Sakic in Canadiens zone.
6:20 of 2nd period - Viktor Kozlov is hit by Joe Sakic.
6:51 of 2nd period - Dennis Wideman is hit by Kris Versteeg and loses puck.
6:56 of 2nd period - Slapshot by Joe Sakic.
6:56 of 2nd period - Shot Misses the Net.
6:58 of 2nd period - Slapshot by Rene Bourque.
6:58 of 2nd period - Goal by Rene Bourque - Canadiens : 2 - Blackhawks : 4.
6:58 of 2nd period - Mikael Tellqvist enters game.
6:59 of 2nd period - Hnat Domenichelli wins face-off versus Tomas Plekanec in neutral zone.
7:01 of 2nd period - Stephane Robidas is hit by Greg Zanon and loses puck.
7:17 of 2nd period - Minor Penalty to Ruslan Fedotenko for Interference.
7:18 of 2nd period - Joe Sakic wins face-off versus Viktor Kozlov in Canadiens zone.
7:18 of 2nd period - Snap shot by Kris Versteeg.
7:18 of 2nd period - Stopped by Mikael Tellqvist with a rebound.
8:19 of 2nd period - Christian Ehrhoff is hit by Jamie Lundmark and loses puck.
9:17 of 2nd period - Penalty to Ruslan Fedotenko is over, Ruslan Fedotenko is back on ice.
9:23 of 2nd period - Wrist shot by Mike York.
9:23 of 2nd period - Stopped by Roberto Luongo with a rebound.
9:25 of 2nd period - Snap shot by Ruslan Fedotenko.
9:25 of 2nd period - Stopped by Roberto Luongo with a rebound.
9:27 of 2nd period - Snap shot by Mike York.
9:27 of 2nd period - Stopped by Roberto Luongo with a rebound.
9:29 of 2nd period - Slapshot by Ruslan Fedotenko.
9:29 of 2nd period - Shot Misses the Net.
9:39 of 2nd period - Backhand shot by Ruslan Fedotenko.
9:39 of 2nd period - Shot Blocked by Brent Burns.
9:48 of 2nd period - Minor Penalty to Daniel Carcillo for Slashing.
9:49 of 2nd period - Mike Ribeiro wins face-off versus Dominic Moore in Blackhawks zone.
11:09 of 2nd period - Brent Burns is hit by Robert Dome and loses puck.
11:32 of 2nd period - Snap shot by Loui Eriksson.
11:32 of 2nd period - Stopped by Mikael Tellqvist with a rebound.
11:48 of 2nd period - Penalty to Daniel Carcillo is over, Daniel Carcillo is back on ice.
12:00 of 2nd period - Snap shot by Scott Gomez.
12:00 of 2nd period - Deflect By Matt Carle.
12:00 of 2nd period - Shot Blocked by Matt Carle.
12:00 of 2nd period - Puck is out of play.
12:01 of 2nd period - Tomas Plekanec wins face-off versus Scott Gomez in Canadiens zone.
12:01 of 2nd period - Tomas Plekanec is hit by Steve McCarthy.
12:17 of 2nd period - Minor Penalty to Ruslan Fedotenko for Holding.
12:18 of 2nd period - Joe Sakic wins face-off versus Viktor Kozlov in Canadiens zone.
12:48 of 2nd period - Loui Eriksson is hit by Viktor Kozlov and loses puck.
12:55 of 2nd period - Wrist shot by Stephane Robidas.
12:55 of 2nd period - Stopped by Mikael Tellqvist with a rebound.
14:16 of 2nd period - Mike York is hit by Rene Bourque and loses puck.
14:17 of 2nd period - Penalty to Ruslan Fedotenko is over, Ruslan Fedotenko is back on ice.
14:35 of 2nd period - Steve McCarthy is hit by Greg Zanon and loses puck.
15:45 of 2nd period - Mike York is hit by Dominic Moore and loses puck.
16:07 of 2nd period - Jordan Staal is hit by Nicklas Lidstrom and loses puck.
16:33 of 2nd period - Robert Dome is hit by Steve McCarthy and loses puck.
16:48 of 2nd period - Mike York is hit by Chris Campoli and loses puck.
17:01 of 2nd period - Jordan Staal is hit by Jeff Woywitka and loses puck.
17:08 of 2nd period - Wrist shot by Chris Dingman.
17:08 of 2nd period - Stopped by Roberto Luongo with a rebound.
17:10 of 2nd period - Slapshot by Greg Zanon.
17:10 of 2nd period - Shot Blocked by Chris Campoli.
17:27 of 2nd period - Viktor Kozlov is hit by Joe Sakic and loses puck.
17:38 of 2nd period - Christian Ehrhoff is hit by Michel Ouellet and loses puck.
18:31 of 2nd period - Snap shot by Steve Bernier.
18:31 of 2nd period - Stopped by Mikael Tellqvist with a rebound.
19:23 of 2nd period - Kris Versteeg is hit by Jeff Woywitka and loses puck.
19:30 of 2nd period - Slapshot by Stephane Robidas.
19:30 of 2nd period - Stopped by Mikael Tellqvist without a rebound.
19:31 of 2nd period - Tomas Plekanec wins face-off versus Joe Sakic in Canadiens zone.
19:58 of 2nd period - Snap shot by Radim Vrbata.
19:58 of 2nd period - Shot Blocked by Stephane Robidas.
Goals for this period are 0 for Canadiens vs 1 for Blackhawks.
Shots for this period are 5 for Canadiens vs 9 for Blackhawks.
3rd period
0:01 of 3rd period - Scott Gomez wins face-off versus Viktor Kozlov in neutral zone.
0:26 of 3rd period - Ruslan Fedotenko is hit by Joe Sakic and loses puck.
0:33 of 3rd period - Snap shot by Colby Armstrong.
0:33 of 3rd period - Shot Blocked by Nicklas Lidstrom.
0:59 of 3rd period - Snap shot by George Parros.
0:59 of 3rd period - Shot Misses the Net.
1:01 of 3rd period - Wrist shot by Chris Campoli.
1:01 of 3rd period - Deflect By Daniel Carcillo.
1:01 of 3rd period - Shot Blocked by Ruslan Fedotenko.
1:01 of 3rd period - Puck is out of play.
1:02 of 3rd period - Kris Versteeg wins face-off versus Viktor Kozlov in Canadiens zone.
1:41 of 3rd period - Wrist shot by Michel Ouellet.
1:41 of 3rd period - Stopped by Roberto Luongo without a rebound.
1:42 of 3rd period - Kris Versteeg wins face-off versus Tomas Plekanec in Blackhawks zone.
1:57 of 3rd period - Snap shot by Kris Versteeg.
1:57 of 3rd period - Goal by Kris Versteeg - Canadiens : 2 - Blackhawks : 5.
1:58 of 3rd period - Scott Gomez wins face-off versus Viktor Kozlov in neutral zone.
2:01 of 3rd period - Slapshot by Stephane Robidas.
2:01 of 3rd period - Stopped by Mikael Tellqvist with a rebound.
2:03 of 3rd period - Snap shot by Kris Versteeg.
2:03 of 3rd period - Shot Misses the Net.
2:05 of 3rd period - Wrist shot by Scott Gomez.
2:05 of 3rd period - Stopped by Mikael Tellqvist without a rebound.
2:06 of 3rd period - Viktor Kozlov wins face-off versus Scott Gomez in Canadiens zone.
2:51 of 3rd period - Wrist shot by Dominic Moore.
2:51 of 3rd period - Shot Blocked by Mike Ribeiro.
3:35 of 3rd period - Minor Penalty to Rene Bourque for Hooking.
3:36 of 3rd period - Dominic Moore wins face-off versus Mike Ribeiro in Blackhawks zone.
3:36 of 3rd period - Dominic Moore is hit by Robert Dome.
4:22 of 3rd period - Icing by Marek Svatos.
4:23 of 3rd period - Mike Ribeiro wins face-off versus Loui Eriksson in Canadiens zone.
5:35 of 3rd period - Penalty to Rene Bourque is over, Rene Bourque is back on ice.
5:40 of 3rd period - Colby Armstrong is hit by Viktor Kozlov and loses puck.
5:51 of 3rd period - Kris Versteeg is hit by Dennis Wideman and loses puck.
6:12 of 3rd period - Slapshot by Matt Carle.
6:12 of 3rd period - Stopped by Roberto Luongo without a rebound.
6:13 of 3rd period - Tomas Plekanec wins face-off versus Scott Gomez in Blackhawks zone.
6:22 of 3rd period - Snap shot by Marek Svatos.
6:22 of 3rd period - Stopped by Roberto Luongo without a rebound.
6:23 of 3rd period - Scott Gomez wins face-off versus Viktor Kozlov in Blackhawks zone.
6:30 of 3rd period - Wrist shot by Scott Gomez.
6:30 of 3rd period - Shot Misses the Net.
6:36 of 3rd period - Wrist shot by Kris Versteeg.
6:36 of 3rd period - Stopped by Mikael Tellqvist without a rebound.
6:37 of 3rd period - Joe Sakic wins face-off versus Mike York in Canadiens zone.
7:02 of 3rd period - Rene Bourque is hit by Greg Zanon and loses puck.
7:11 of 3rd period - Snap shot by Kris Versteeg.
7:11 of 3rd period - Shot Misses the Net.
8:05 of 3rd period - Slapshot by Daniel Carcillo.
8:05 of 3rd period - Shot Misses the Net.
8:50 of 3rd period - Minor Penalty to Robert Dome for Holding.
8:51 of 3rd period - Joe Sakic wins face-off versus Viktor Kozlov in Canadiens zone.
9:03 of 3rd period - Snap shot by Rene Bourque.
9:03 of 3rd period - Stopped by Mikael Tellqvist with a rebound.
9:05 of 3rd period - Slapshot by Rene Bourque.
9:05 of 3rd period - Shot Misses the Net.
9:17 of 3rd period - Steve Bernier is hit by Ossi Vaananen and loses puck.
9:22 of 3rd period - Snap shot by Jamie Lundmark.
9:22 of 3rd period - Stopped by Roberto Luongo with a rebound.
9:24 of 3rd period - Slapshot by Dennis Wideman.
9:24 of 3rd period - Stopped by Roberto Luongo without a rebound.
9:25 of 3rd period - Viktor Kozlov wins face-off versus Joe Sakic in Blackhawks zone.
9:54 of 3rd period - Jamie Lundmark is hit by Christian Ehrhoff and loses puck.
10:17 of 3rd period - Viktor Kozlov is hit by Rene Bourque and loses puck.
10:50 of 3rd period - Penalty to Robert Dome is over, Robert Dome is back on ice.
11:59 of 3rd period - Icing by Jamie Lundmark.
12:00 of 3rd period - Scott Gomez wins face-off versus Mike Ribeiro in Canadiens zone.
12:03 of 3rd period - Snap shot by Scott Gomez.
12:03 of 3rd period - Shot Misses the Net.
12:56 of 3rd period - Christian Ehrhoff is hit by Chris Dingman and loses puck.
13:16 of 3rd period - Daniel Carcillo is hit by Chris Dingman and loses puck.
13:23 of 3rd period - Jamie Lundmark is hit by Richard Matvichuk and loses puck.
13:46 of 3rd period - Kris Versteeg is hit by Viktor Kozlov and loses puck.
13:56 of 3rd period - Icing by Mike York.
13:57 of 3rd period - Tomas Plekanec wins face-off versus Joe Sakic in Canadiens zone.
14:02 of 3rd period - Chris Campoli is hit by Tomas Plekanec and loses puck.
14:07 of 3rd period - Wrist shot by Tomas Plekanec.
14:07 of 3rd period - Stopped by Roberto Luongo with a rebound.
14:09 of 3rd period - Snap shot by Ruslan Fedotenko.
14:09 of 3rd period - Stopped by Roberto Luongo with a rebound.
14:11 of 3rd period - Slapshot by Ruslan Fedotenko.
14:11 of 3rd period - Shot Misses the Net.
14:13 of 3rd period - Snap shot by Tomas Plekanec.
14:13 of 3rd period - Deflect By Colby Armstrong.
14:13 of 3rd period - Stopped by Roberto Luongo with a rebound.
14:25 of 3rd period - Slapshot by Colby Armstrong.
14:25 of 3rd period - Deflect By Kris Versteeg.
14:25 of 3rd period - Stopped by Mikael Tellqvist with a rebound.
14:27 of 3rd period - Wrist shot by Scott Gomez.
14:27 of 3rd period - Stopped by Mikael Tellqvist with a rebound.
14:29 of 3rd period - Snap shot by Scott Gomez.
14:29 of 3rd period - Shot Misses the Net.
14:31 of 3rd period - Slapshot by Kris Versteeg.
14:31 of 3rd period - Shot Misses the Net.
15:30 of 3rd period - Slapshot by Brent Burns.
15:30 of 3rd period - Stopped by Mikael Tellqvist with a rebound.
15:58 of 3rd period - Snap shot by Radim Vrbata.
15:58 of 3rd period - Deflect By Viktor Kozlov.
15:58 of 3rd period - Shot Blocked by Christian Ehrhoff.
15:58 of 3rd period - Puck is out of play.
15:59 of 3rd period - Scott Gomez wins face-off versus Viktor Kozlov in Blackhawks zone.
16:04 of 3rd period - Slapshot by Rene Bourque.
16:04 of 3rd period - Stopped by Mikael Tellqvist without a rebound.
16:05 of 3rd period - Mike York wins face-off versus Kris Versteeg in Canadiens zone.
16:19 of 3rd period - Wrist shot by Mike York.
16:19 of 3rd period - Stopped by Roberto Luongo with a rebound.
16:21 of 3rd period - Wrist shot by Radim Vrbata.
16:21 of 3rd period - Shot Misses the Net.
16:37 of 3rd period - Snap shot by Colby Armstrong.
16:37 of 3rd period - Goal by Colby Armstrong - Canadiens : 2 - Blackhawks : 6.
16:38 of 3rd period - Mike York wins face-off versus Scott Gomez in neutral zone.
17:05 of 3rd period - Loui Eriksson is hit by Marek Svatos and loses puck.
17:14 of 3rd period - Slapshot by Ruslan Fedotenko.
17:14 of 3rd period - Deflect By Tomas Plekanec.
17:14 of 3rd period - Shot Misses the Net.
17:14 of 3rd period - Puck is out of play.
17:15 of 3rd period - Mike Ribeiro wins face-off versus Scott Gomez in Blackhawks zone.
17:16 of 3rd period - Wrist shot by Robert Dome.
17:16 of 3rd period - Stopped by Roberto Luongo without a rebound.
17:17 of 3rd period - Scott Gomez wins face-off versus Mike Ribeiro in Blackhawks zone.
17:53 of 3rd period - Snap shot by Viktor Kozlov.
17:53 of 3rd period - Stopped by Roberto Luongo without a rebound.
17:54 of 3rd period - Joe Sakic wins face-off versus Viktor Kozlov in Blackhawks zone.
17:59 of 3rd period - Colby Armstrong and Radim Vrbata fight to a draw.
17:59 of 3rd period - Penalty to Colby Armstrong for Fighting.
17:59 of 3rd period - Penalty to Radim Vrbata for Fighting.
18:00 of 3rd period - Scott Gomez wins face-off versus Viktor Kozlov in neutral zone.
18:04 of 3rd period - Kris Versteeg and Mike Ribeiro fight to a draw.
18:04 of 3rd period - Penalty to Kris Versteeg for Fighting.
18:04 of 3rd period - Penalty to Mike Ribeiro for Fighting.
18:04 of 3rd period - Penalty to Mike Ribeiro for instigated a fight.
18:04 of 3rd period - Penalty to Mike Ribeiro for instigated a fight.
18:05 of 3rd period - Joe Sakic wins face-off versus Viktor Kozlov in Canadiens zone.
18:06 of 3rd period - Snap shot by Rene Bourque.
18:06 of 3rd period - Goal by Rene Bourque - Canadiens : 2 - Blackhawks : 7.
18:07 of 3rd period - Scott Gomez wins face-off versus Viktor Kozlov in neutral zone.
18:11 of 3rd period - Off-side.
18:12 of 3rd period - Scott Gomez wins face-off versus Viktor Kozlov in neutral zone.
18:37 of 3rd period - Snap shot by Jeff Woywitka.
18:37 of 3rd period - Shot Blocked by Steve McCarthy.
18:42 of 3rd period - Steve McCarthy beats up Mike York.
18:42 of 3rd period - Penalty to Steve McCarthy for Fighting.
18:42 of 3rd period - Penalty to Mike York for Fighting.
18:43 of 3rd period - Scott Gomez wins face-off versus Viktor Kozlov in Blackhawks zone.
18:45 of 3rd period - Minor Penalty to Stephane Robidas for Hooking.
18:46 of 3rd period - Dominic Moore wins face-off versus Tomas Plekanec in Blackhawks zone.
18:50 of 3rd period - Marek Svatos is hit by Dominic Moore and loses puck.
Goals for this period are 0 for Canadiens vs 3 for Blackhawks.
Shots for this period are 11 for Canadiens vs 11 for Blackhawks.
Output by the SimonT Hockey Simulator (STHS) for François Prévost -- Original Page W3C XHTML 1.0 Valid